Get step-by-step instructions on how to execute this build order below. Start the game timer, and the build order will tick by so you can play in parallel with StarCraft on a second screen or mobile device.

Game Time

  0:00

Last Step

  N/A

Next Step

Upcoming Step



Don't want to look back and forth between 2 screens? Try out our Overwolf App, the Spawning Tool Build Advisor to get an in-game overlay with this build!

Complete Build Order

  1  0:00  Probe (Chrono Boost)  
  13  0:19  Pylon  
  13  0:27  Probe (Chrono Boost)  
  14  0:49  Forge  
  14  1:11  Pylon  
  14  1:15  Pylon  
  15  1:22  Probe (Chrono Boost)  
  15  1:38  Photon Cannon  
  15  1:48  Photon Cannon  
  15  2:10  Gateway  
  15  2:30  Photon Cannon, Probe (Chrono Boost)  
  16  2:45  Photon Cannon